 Dungeon Crawl Stone Soup version 0.28-a0-1286-g6bde065e89 (webtiles) character file.

Game seed: 7235670486752386397

4935 miscthings the Changer (level 10, -2/78 HPs)
             Began as a Demigod Transmuter on Dec 27, 2021.
             Slain by a two-headed ogre (32 damage)
             ... on level 9 of the Dungeon.
             The game lasted 00:20:47 (6271 turns).

miscthings the Changer (Demigod Transmuter)         Turns: 6271, Time: 00:20:47

Health: -2/78      AC: 12    Str: 19    XL:     10   Next: 7%
Magic:  19/23      EV: 13    Int: 15    God:
Gold:   413        SH:  0    Dex: 18    Spells: 7/21 levels left

rFire   + . .      SeeInvis .     - Unarmed
rCold   . . .      Faith    .   (no shield)
rNeg    . . .      Spirit   .   B - +0 acid dragon scales
rPois   .          Reflect  .   (helmet currently unavailable)
rElec   .          Harm     .   g - +1 cloak
rCorr   +          Rampage  .   (no gloves)
Will    +....                   (boots currently unavailable)
Stlth   +.........              m - amulet of regeneration
HPRegen 1.03/turn               o - ring of wizardry
MPRegen 0.18/turn               F - ring of protection from fire

@: ice-armoured, appendages
A: horns 2, talons 2, high mp 1, forlorn, divine attributes
a: End Transformation


You were on level 9 of the Dungeon.
You had temporarily grown beastly horns and talons.
You visited 1 branch of the dungeon, and saw 9 of its levels.

You collected 426 gold pieces.
You spent 13 gold pieces at shops.

Inventory:

Missiles
 a - 3 throwing nets
Armour
 g - a +1 cloak (worn)
 p - a +0 robe of cold resistance
 u - the +1 leather armour of Durable Tender Moments {Int+4}
   (You found it on level 6 of the Dungeon)

   Int:       It affects your intelligence (+4).
 B - +0 acid dragon scales (worn)
Jewellery
 i - an amulet of reflection
 m - an amulet of regeneration (around neck)
 o - a ring of wizardry (left hand)
 F - a ring of protection from fire (right hand)
Wands
 s - a wand of acid (3)
 t - a wand of iceblast (8)
 D - a wand of flame (14)
Scrolls
 b - a scroll of noise {unknown}
 c - a scroll of acquirement {unknown}
 d - a scroll of blinking {unknown}
 f - 5 scrolls of fear
 j - 2 scrolls of immolation
 k - 2 scrolls of fog
 l - a scroll of amnesia
 w - a scroll of magic mapping {unknown}
 x - a scroll of enchant armour
 y - 3 scrolls of teleportation
Potions
 e - 3 potions of lignification
 h - a potion of curing
 n - 2 potions of heal wounds
 q - a potion of brilliance
 r - a potion of mutation
 v - a potion of ambrosia
 z - a potion of cancellation
 A - a potion of haste
 C - a potion of invisibility {unknown}
 E - a potion of berserk rage


   Skills:
 + Level 3.8 Fighting
 + Level 3.5 Armour
 + Level 4.2 Dodging
 * Level 6.4 Unarmed Combat
 + Level 6.1 Spellcasting
 + Level 2.4 Conjurations
 + Level 6.9 Transmutations
 - Level 3.0 Ice Magic
 - Level 2.0 Air Magic
 - Level 2.0 Poison Magic


You had 7 spell levels left.
You knew the following spells:

 Your Spells              Type           Power      Damage    Failure   Level
a - Beastly Appendage     Tmut           50%        N/A       1%          1
b - Mephitic Cloud        Conj/Pois/Air  11%        N/A       9%          3
c - Ice Form              Ice/Tmut       19%        N/A       10%         4
d - Spider Form           Tmut/Pois      17%        N/A       3%          3
e - Ozocubu's Armour      Ice            13%        N/A       6%          3

Your spell library contained the following spells:

 Spells                   Type           Power      Damage    Failure   Level
 Wereblood                Tmut           25%        N/A       1%          2
 Magic Dart               Conj           48%        1d5       2%          1
 Static Discharge         Conj/Air       11%        N/A       4%          2
 Corpse Rot               Necr/Air       14%        N/A       8%          2
 Call Imp                 Summ           4%         N/A       12%         2
 Dazzling Flash           Conj/Hex       16%        N/A       13%         3
 Sticky Flame             Conj/Fire      8%         2d3       38%         4
 Dispel Undead            Necr           4%         3d7       56%         4
 Metabolic Englaciation   Hex/Ice        4%         N/A       69%         5
 Silence                  Hex/Air        3%         N/A       77%         5
 Agony                    Necr           4%         N/A       87%         5
 Simulacrum               Ice/Necr       4%         N/A       99%         6
 Death Channel            Necr           2%         N/A       100%        6
 Chain Lightning          Conj/Air       5%         3d7       100%        9
 Fire Storm               Conj/Fire      4%         8d1       100%        9
 Shatter                  Erth           2%         3d6*      100%        9


Dungeon Overview and Level Annotations

Branches:
Dungeon (9/15)             Temple (0/1) D:6
   Lair: D:8-11         Orc: D:9-12

Shops:
D:5 !   D:8 [


Innate Abilities, Weirdness & Mutations

You have temporarily grown beastly horns and talons.
You have an increased reservoir of magic. (+10% MP)
You shall have no god before yourself.
Your divine heritage dramatically boosts your attributes as you level up.


Message History

You kill the centaur!
The centaur zombie hits you.
The centaur zombie kicks you but does no damage.
You hit the centaur zombie but do no damage.
You headbutt the centaur zombie, but do no damage.
The centaur zombie is severely damaged.
The centaur zombie barely misses you. x2
You punch the centaur zombie!
You destroy the centaur zombie!
No target in view!
Your icy armour cracks and falls away as you move.
The two-headed ogre shouts in stereo!
Things that are here:
a +0 shortbow; 14 arrows; a centaur corpse
Aiming: Throw Flame
Press: ? - help, Shift-Dir - straight line, f - two-headed ogre
Aim: a two-headed ogre, wielding a +0 giant club and a +0 dire flail (85% to hit)
Okay, then.
Aiming: Corrosive Bolt
Press: ? - help, Shift-Dir - straight line, f - two-headed ogre
Aim: a two-headed ogre, wielding a +0 giant club and a +0 dire flail (86% to hit)
The bolt of acid hits the two-headed ogre!
The two-headed ogre is moderately wounded.
Aiming: Throw Flame
Press: ? - help, Shift-Dir - straight line, f/p - two-headed ogre
Aim: a two-headed ogre, wielding a +0 giant club and a +0 dire flail (lightly wounded, 85% to hit)
The puff of flame misses the two-headed ogre.
Casting: Beastly Appendage (safe; 1% risk of failure)
Confirm with . or Enter, or press ? or * to list all spells.
A film of ice covers your body!
You hit the two-headed ogre. You claw the two-headed ogre.
You headbutt the two-headed ogre.
The two-headed ogre is moderately wounded.
The two-headed ogre hits you with a +0 giant club!!
The two-headed ogre hits you with a +0 dire flail.
You punch the two-headed ogre! You claw the two-headed ogre.
You headbutt the two-headed ogre!
The two-headed ogre is severely wounded.
The two-headed ogre hits you with a +0 giant club!!
You die...

######)# .#
.......############.###
......[................
########..............
##...........######
.............>..........
..>......................
......#########..........
...... #@......... ......
#O......... .....
#######.......... .....
.................
.......).........
.......).........
.......########## .......
....)..


You could see a two-headed ogre.

Vanquished Creatures
  An ugly thing (D:9)
  Pikel (D:7)
  Maggie (D:6)
  Grinder (D:5)
  A water moccasin (D:8)
  2 sky beasts
  A black bear (D:5)
  An ice beast (D:6)
  3 ogres
  10 centaurs
  A phantom (D:5)
  3 lemures
  3 bullfrogs
  8 scorpions
  A wyvern zombie (D:8)
  A wyvern skeleton (D:5)
  4 killer bees (D:7)
  5 wights (D:7)
  A howler monkey (D:5)
  4 hounds
  A centaur skeleton (D:5)
  A centaur zombie (D:9)
  Crazy Yiuf (D:7)
  A gnoll shaman (D:4)
  2 bullfrog skeletons (D:5)
  3 iguanas
  Terence (D:3)
  3 orc wizards
  A hound zombie (D:5)
  A howler monkey zombie (D:4)
  11 adders
  11 gnolls
  3 shadow imps
  3 white imps
  An ufetubus (D:5)
  A worm (D:3)
  3 dart slugs
  13 orcs
  9 bats
  7 endoplasms
  2 giant cockroaches (D:1)
  10 goblins
  7 hobgoblins
  A jackal (D:5)
  7 kobolds
  3 quokkas
  10 ball pythons
  6 frilled lizards
  8 rats
184 creatures vanquished.

Vanquished Creatures (others)
  A quokka (D:5)
1 creature vanquished.

Grand Total: 185 creatures vanquished

Notes
Turn   | Place    | Note
-------+----------+-------------------------------------------
     0 | D:1      | miscthings the Demigod Transmuter began the quest for the
                  | Orb.
     0 | D:1      | Reached XP level 1. HP: 15/15 MP: 5/5
   189 | D:1      | Reached XP level 2. HP: 15/22 MP: 4/7
   684 | D:1      | Reached skill level 1 in Fighting
   737 | D:1      | Reached XP level 3. HP: 23/28 MP: 6/8
  1381 | D:2      | Reached XP level 4. HP: 35/35 MP: 8/10
  1563 | D:2      | Learned a level 3 spell: Ozocubu's Armour
  1733 | D:3      | Reached skill level 1 in Ice Magic
  1857 | D:3      | Noticed Terence
  1878 | D:3      | Killed Terence
  2270 | D:4      | Noticed a bullfrog
  2277 | D:4      | Killed a bullfrog
  2278 | D:4      | Reached XP level 5. HP: 26/40 MP: 9/11
  2720 | D:4      | Learned a level 3 spell: Spider Form
  2783 | D:4      | Reached XP level 6. HP: 40/47 MP: 9/13
  3018 | D:5      | Entered Level 5 of the Dungeon
  3026 | D:5      | Noticed Grinder
  3048 | D:5      | Killed Grinder
  3119 | D:5      | Reached XP level 7. HP: 30/52 MP: 13/16
  3220 | D:5      | Reached skill level 5 in Transmutations
  3300 | D:5      | Reached skill level 5 in Spellcasting
  3310 | D:5      | Found Qutti's Distillery.
  3317 | D:5      | Bought a potion of degeneration for 13 gold pieces
  3388 | D:5      | Reached XP level 8. HP: 56/59 MP: 14/19
  3561 | D:5      | Reached skill level 1 in Armour
  3628 | D:5      | HP: 3/60 [ogre (12)]
  3980 | D:6      | Identified the +1 leather armour of Durable Tender Moments
                  | {Int+4}
  4214 | D:6      | Reached skill level 5 in Unarmed Combat
  4234 | D:6      | Noticed Maggie
  4241 | D:6      | Learned a level 3 spell: Mephitic Cloud
  4251 | D:6      | Killed Maggie
  4252 | D:6      | Reached XP level 9. HP: 57/68 MP: 17/21
  4304 | D:6      | Found a staircase to the Ecumenical Temple.
  4767 | D:7      | Noticed Pikel
  4787 | D:7      | Killed Pikel
  4788 | D:7      | Reached skill level 1 in Conjurations
  4788 | D:7      | Reached skill level 1 in Air Magic
  4788 | D:7      | Reached skill level 1 in Poison Magic
  5321 | D:7      | Found a runed translucent door.
  5322 | D:7      | Noticed Crazy Yiuf
  5330 | D:7      | Killed Crazy Yiuf
  5415 | D:8      | Learned a level 4 spell: Ice Form
  5652 | D:8      | Found Bonitieh's Antique Armour Shoppe.
  6011 | D:9      | Noticed a brown ugly thing
  6026 | D:9      | Killed a brown ugly thing
  6107 | D:9      | Noticed a two-headed ogre
  6212 | D:9      | Reached XP level 10. HP: 76/78 MP: 23/23
  6248 | D:9      | Identified the +9 dagger of Hospitality {vorpal, rF- Dex+9}
  6271 | D:9      | Slain by a two-headed ogre

Illustrated notes

Levels and vault maps discovered:
D:1:      lemuel_arrival_cross, layout_basic, basic_ecumenical_altar,
          minmay_misc_feat_square, nicolae_concentric_dashed_squares_mild,
          minmay_fountain_box, minmay_octomino_e4
D:2:      layout_rooms, basic_altar
D:3:      layout_rooms, minmay_close_crescents, uniq_terence
D:4:      layout_cave_pools
D:5:      layout_rooms, elyvilon_altar_4, grunt_dithmenos_shadows,
          nemelex_xobeh_ov_fountains_minmay, serial_shops, nicolae_shop_crystal,
          dk_noncrumbling_3, minmay_joined_circles, uniq_grinder
D:6:      layout_cave_pods, mainiacjoe_overflow_cross_hatched,
          minmay_temple_entry_mini_moons, uniq_maggie
D:7:      layout_cave_pools, trog_three_pillars_becter, kennysheep_mini,
          uniq_crazy_yiuf_cottage, uniq_pikel
D:8:      layout_basic, serial_shops, shop
D:9:      minmay_s_stair_smasher, layout_long_grid

Skill      XL: |  1  2  3  4  5  6  7  8  9 |
---------------+----------------------------+-----
Spellcasting   | 2 3 5 6 |  6.1
Unarmed Combat | 3 5 6 |  6.4
Transmutations | 2 3 4 5 6 |  6.9
Dodging        | 2 3 4 |  4.2
Fighting       | 1 2 3 |  3.8
Ice Magic      | 2 3 |  3.0
Armour         | 2 3 |  3.5
Conjurations   | 2 |  2.4
Air Magic      | 2 |  2.0
Poison Magic   | 2 |  2.0

Action                   |  1- 3 |  4- 6 |  7- 9 | 10-12 || total
-------------------------+-------+-------+-------+-------++-------
Melee: Unarmed           |   102 |   145 |   410 |    10 ||   667
       Kick              |    13 |    42 |   132 |     4 ||   191
       Headbutt          |    12 |    25 |    84 |     5 ||   126
       Punch             |     1 |     4 |    15 |       ||    20
 Cast: Beastly Appendage |    23 |    22 |    40 |     1 ||    86
       Ozocubu's Armour  |       |     3 |    16 |     2 ||    21
       Mephitic Cloud    |       |       |     1 |       ||     1
       Ice Form          |       |       |     2 |       ||     2
       Spider Form       |       |       |     1 |       ||     1
Evoke: Wand              |       |       |     2 |     4 ||     6
  Use: Scroll            |       |       |    15 |       ||    15
       Potion            |       |       |     1 |       ||     1
 Stab: Sleeping          |     2 |       |     1 |       ||     3
Armor: Robe              |    27 |    20 |    64 |       ||   111
       Leather armour    |       |       |    11 |       ||    11
       Acid dragon scale |       |       |    56 |    13 ||    69
       Skin              |       |       |    12 |       ||    12
Dodge: Dodged            |    69 |    76 |   248 |    14 ||   407

Table legend: (Time is in decaauts)
 A = Elapsed time spent in this place.
 B = Non-inter-level travel time spent in this place.
 C = Inter-level travel time spent in this place.
 D = Time resting spent in this place.
 E = Time spent auto-exploring this place.
 F = Levels seen in this place.
 G = Mean time per level.
                   A        B        C        D        E       F      G
               +--------+--------+--------+--------+--------+-----+--------+
         Total |   6218 |   5860 |    358 |    545 |   3160 |   9 |  690.9 |
       Dungeon |   6218 |   5860 |    358 |    545 |   3160 |   9 |  690.9 |
               +--------+--------+--------+--------+--------+-----+--------+

Top non-repeatable levels by time:
     D:6: 996 daAuts
     D:1: 934 daAuts
     D:3: 886 daAuts
     D:8: 749 daAuts
     D:5: 701 daAuts
     D:7: 651 daAuts
     D:2: 622 daAuts
     D:4: 559 daAuts
     D:9: 118 daAuts
